 Dungeon Crawl Stone Soup version 0.19-a0-1493-gd0fcaa6 (webtiles) character file.

248 roguesci the Grasshopper (level 5, 0/42 HPs)
             Began as a Demonspawn Warper on Sept 9, 2016.
             Slain by roguesci's ghost (4 damage)
             ... on level 3 of the Dungeon.
             The game lasted 00:08:40 (3235 turns).

roguesci the Grasshopper (Demonspawn Warper)        Turns: 3235, Time: 00:08:41

Health: 0/42       AC:  8    Str: 12    XL:     5   Next: 86%
Magic:  5/8        EV: 12    Int: 14    God:
Gold:   156        SH:  6    Dex: 13    Spells: 3 memorised, 3 levels left

rFire  . . .     SeeInvis .     r - +0 rapier
rCold  . . .     Gourm    .     b - +0 leather armour
rNeg   . . .     Faith    .     (no shield)
rPois  +         Spirit   .     (helmet restricted)
rElec  .         Dismiss  .     (no cloak)
rCorr  .         Reflect  .     g - +2 pair of gloves
MR     .....     Harm     .     x - +1 pair of boots {Fly}
Stlth  ++........               (no amulet)
                                z - ring of poison resistance
                                m - ring of stealth

@: no status effects
A: antennae 1, large bone plates 2, demonic guardian 1
a: Evoke Flight


You were on level 3 of the Dungeon.
You were hungry.

You visited 1 branch of the dungeon, and saw 3 of its levels.

You collected 156 gold pieces.

Inventory:

Hand Weapons
 r - a +0 rapier (weapon)
Missiles
 e - 5 tomahawks of dispersal (quivered)
Armour
 b - a +0 leather armour (worn)
 g - a +2 pair of gloves (worn)
 x - a +1 pair of boots of flying (worn)
Jewellery
 m - a ring of stealth (left hand)
 z - a ring of poison resistance (right hand)
Scrolls
 d - a scroll of blinking
 k - 2 scrolls of remove curse {unknown}
 n - 3 scrolls of identify {unknown}
 o - 3 scrolls of teleportation {unknown}
 s - a scroll of noise {unknown}
 u - a scroll of fog {unknown}
 v - 2 scrolls of enchant weapon {unknown}
 y - a scroll of amnesia {unknown}
 A - a scroll of recharging {unknown}
Potions
 a - a potion of cure mutation {unknown}
 i - 3 potions of mutation {unknown}
 j - a potion of agility {unknown}
 l - a potion of berserk rage {unknown}
 q - a potion of brilliance {unknown}
 t - 2 potions of degeneration {unknown}
 w - a potion of curing {unknown}
 B - a potion of haste {unknown}
Books
 c - a book of Spatial Translocations

   Spells                             Type                      Level
   a - Apportation                    Translocation                1
   b - Blink                          Translocation                2
   c - Shroud of Golubria             Charms/Translocation         2
   d - Portal Projectile              Translocation                3
   e - Teleport Other                 Translocation                3
   f - Passage of Golubria            Translocation                4
Comestibles
 f - 2 bread rations
 h - a slice of pizza
 p - 2 fruits


   Skills:
 * Level 4.2 Fighting
   Level 2.6 Long Blades
 - Level 0.8 Throwing
 - Level 0.8 Armour
 - Level 1.7 Dodging
 - Level 2.0 Spellcasting
 * Level 4.4 Translocations


You had 3 spell levels left.
You knew the following spells:

 Your Spells              Type           Power        Failure   Level  Hunger
a - Apportation           Tloc           ##........   8%          1    ##.....
b - Shroud of Golubria    Chrm/Tloc      #.........   21%         2    ###....
c - Blink                 Tloc           N/A          10%         2    ###....


Dungeon Overview and Level Annotations

Branches:
Dungeon (3/15)

Altars:
Vehumet

Annotations:
D:3 roguesci's ghost, amateur DsWr


Innate Abilities, Weirdness & Mutations

You have a pair of small antennae on your head.
You are mostly covered in large bone plates. (SH +6)
A weak demonic guardian rushes to your aid.


Message History

Roguesci's ghost barely misses your quasit.
You hit roguesci's ghost.
Roguesci's ghost is almost destroyed.
Your quasit disappears in a puff of smoke!
Roguesci's ghost hits you!
* * * LOW HITPOINT WARNING * * *
Unknown command.
You closely miss roguesci's ghost.
Roguesci's ghost is almost destroyed.
Roguesci's ghost says, "Ah, a second chance to prove myself in battle!"
Roguesci's ghost hits you but does no damage.
Unknown command.
You miss roguesci's ghost.
Roguesci's ghost is almost destroyed.
Roguesci's ghost hits you but does no damage.
Unknown command.
You hit roguesci's ghost but do no damage.
Roguesci's ghost is almost destroyed.
Roguesci's ghost hits you.
You die...

#)##.# #...............#
#.##.#
#.....#.##......#.
#.##.# #......#
#........ .....#
#..(..## ##.....#.
#(#### #......## #....#
#.# #.....###.....#
#.###########.#.#.##.###
#.#.......###.##W##
#.#...........##@###.
#.#..<....##.........#
#........<##.###.#####
###..............#
#.......##.#####
#..........#
#######.#### ###


You could see roguesci's ghost.

Vanquished Creatures
  A hound (D:2)
  3 orc wizards (D:3)
  An orc priest (D:3)
  2 adders (D:2)
  2 worms
  3 dart slugs (D:1)
  4 giant geckos (D:1)
  5 orcs
  7 bats
  5 giant cockroaches
  4 goblins
  6 hobgoblins
  4 jackals (D:2)
  A quokka (D:2)
  A ball python (D:2)
  5 giant newts
  7 kobolds
  6 rats
67 creatures vanquished.

Vanquished Creatures (collateral kills)
  An orc (D:3)
  A giant newt (D:3)
  A kobold (D:3)
3 creatures vanquished.

Grand Total: 70 creatures vanquished

Notes
Turn   | Place    | Note
-------+----------+-------------------------------------------
     0 | D:1      | roguesci the Demonspawn Warper began the quest for the Orb.
     0 | D:1      | Reached XP level 1. HP: 16/16 MP: 3/3
   295 | D:1      | Gained mutation: You are partially covered in large bone plates. (SH +4) [demonic ancestry]
   295 | D:1      | Reached XP level 2. HP: 19/22 MP: 5/5
   365 | D:1      | Learned a level 2 spell: Shroud of Golubria
   368 | D:1      | Learned a level 2 spell: Blink
   883 | D:1      | Gained mutation: You are mostly covered in large bone plates. (SH +6) [demonic ancestry]
   883 | D:1      | Reached XP level 3. HP: 22/28 MP: 6/6
  1313 | D:2      | Found a radiant altar of Vehumet.
  2103 | D:2      | Gained mutation: A weak demonic guardian rushes to your aid. [demonic ancestry]
  2103 | D:2      | Reached XP level 4. HP: 28/35 MP: 7/7
  2344 | D:2      | Gained mutation: You have a pair of small antennae on your head. [demonic ancestry]
  2344 | D:2      | Reached XP level 5. HP: 11/41 MP: 6/8
  3181 | D:3      | Noticed roguesci's ghost (amateur DsWr)
  3235 | D:3      | Slain by roguesci's ghost

Vault maps used:
D:1:      minmay_arrival_stair_chambers, minmay_misc_feat_nine_boxes
D:2:      vehumet_crystals, first_bread

Skill      XL: |  1  2  3  4  5 |
---------------+----------------+-----
Long Blades    | 2 |  2.6
Translocations | 3 4 |  4.4
Fighting       | 3 4 |  4.2
Throwing       | |  0.8
Armour         | |  0.8
Dodging        | |  1.7
Spellcasting   | |  2.0

Action                   |  1- 3 |  4- 6 || total
-------------------------+-------+-------++-------
Melee: Falchion          |   109 |       ||   109
       Rapier            |    67 |   155 ||   222
 Cast: Shroud of Golubri |       |     6 ||     6
 Abil: Stop Flying       |       |     1 ||     1
 Stab: Sleeping          |     4 |     2 ||     6
  Eat: Chunk             |     4 |     4 ||     8
Armor: Leather armour    |    37 |    63 ||   100
Dodge: Dodged            |    93 |    87 ||   180
Block: Other             |    31 |    46 ||    77
